 Dungeon Crawl Stone Soup version 0.30-a0-782-ge64f9170bb (webtiles) character file.

Game seed: 5246094735414813670

319 senseless the Shooter (level 6, -2/43 (47) HPs)
             Began as a Demonspawn Hunter on Mar 15, 2023.
             Killed themself with a badly aimed iceblast (19 damage)
             ... on level 5 of the Dungeon.
             The game lasted 00:09:42 (3702 turns).

senseless the Shooter (Demonspawn Hunter)           Turns: 3702, Time: 00:09:43

HP:   -2/43 (47)    AC: 13    Str: 11    XL:     6   Next: 21%
MP:   3/6           EV:  5    Int: 11    God:
Gold: 241           SH:  0    Dex: 22    Spells: 5/5 levels left

rFire   . . .      SeeInvis .    a - +1 shortbow
rCold   . . .      Faith    .    (shield currently unavailable)
rNeg    . . .      Spirit   .    o - +4 chain mail of the Furies {rCorr Dex+4}
rPois   .          Reflect  .    (helmet restricted)
rElec   .          Harm     .    (no cloak)
rCorr   +          Rampage  .    (no gloves)
Will    .....                    i - +2 pair of boots Stlth
                                 (no amulet)
HPRegen 0.27/turn                (no ring)
MPRegen 0.10/turn                (no ring)

@: drained
A: antennae 2, yellow scales 1, ignite blood 1, talons 1, deformed body,
MP-powered wands
a: no special abilities


You were on level 5 of the Dungeon.
You visited 1 branch of the dungeon, and saw 5 of its levels.
You also visited: Ossuary.

You collected 241 gold pieces.

Inventory:

Hand Weapons
 a - a +1 shortbow (weapon)
 r - the +0 dagger of the Yoke {flame, *Corrode rN+ Str+2 Stlth+}
   (You found it on level 4 of the Dungeon)

   Str:       It affects your strength (+2).
   rN:        It protects you from negative energy.
   *Corrode:  It may corrode you when you take damage.
   Stlth:     It makes you more stealthy.
Armour
 c - a +0 leather armour
 i - a +2 pair of boots (worn)
 o - the +4 chain mail of the Furies (worn) {rCorr Dex+4}
   (You found it on level 2 of the Dungeon)

   Dex:       It affects your dexterity (+4).
   rCorr:     It protects you from acid and corrosion.
 s - a +0 buckler
Wands
 n - a wand of iceblast (8)
Scrolls
 b - 3 scrolls of immolation
 d - 2 scrolls of magic mapping
 g - 2 scrolls of teleportation
 h - 2 scrolls of amnesia
 t - a scroll of fog {unknown}
Potions
 e - a potion of heal wounds
 f - 2 potions of curing {unknown}
 j - a potion of berserk rage {unknown}
 k - a potion of resistance {unknown}
 l - a potion of cancellation {unknown}
 m - 2 potions of flight {unknown}
 p - a potion of attraction {unknown}
 q - a potion of might {unknown}
 w - a potion of brilliance {unknown}


   Skills:
 + Level 3.1 Fighting
 + Level 6.2 Ranged Weapons
 + Level 1.0 Armour
 + Level 1.9 Dodging
 + Level 0.8 Stealth


You had 5 spell levels left.
You didn't know any spells.
Your spell library contained the following spells:

 Spells                   Type           Power      Damage    Failure   Level
 Apportation              Tloc           0%         N/A       100%        1
 Necrotise                Necr           0%         1d4       100%        1
 Sandblast                Erth           0%         2d4       100%        1
 Slow                     Hex            0%         N/A       100%        1
 Summon Small Mammal      Summ           0%         N/A       100%        1
 Passwall                 Tmut/Erth      0%         N/A       100%        2
 Confusing Touch          Hex            0%         N/A       100%        3
 Gell's Gravitas          Tloc           0%         N/A       100%        3
 Stone Arrow              Conj/Erth      0%         3d7       100%        3
 Teleport Other           Tloc           0%         N/A       100%        3
 Vampiric Draining        Necr           0%         2d6       100%        3
 Dispersal                Tloc           0%         N/A       100%        6


Dungeon Overview and Level Annotations

Branches:
Dungeon (5/15)            Ossuary (visited)
 Temple: D:4-7

Altars:
Gozag

Annotations:
D:5 Prince Ribbit


Innate Abilities, Weirdness & Mutations

You have a pair of antennae on your head.
You are partially covered in yellow scales. (AC +2)
Your demonic aura sometimes causes spilled blood to erupt in flames.
You have sharp toenails.
Armour fits poorly on your strangely shaped body.
You expend magic power (3 MP) to strengthen your wands.


Message History

There is an open door here.
You open the door.
There is an open door here.
You sense a monster nearby.
Prince Ribbit comes into view.
Prince Ribbit croaks.
Prince Ribbit croaks regally.
You shoot an arrow. The arrow barely misses Prince Ribbit.
You shoot an arrow. The arrow hits Prince Ribbit!
Prince Ribbit is moderately wounded.
Prince Ribbit hits you!
You shoot an arrow. The arrow closely misses Prince Ribbit.
Prince Ribbit hits you. x2
You shoot an arrow. The arrow hits Prince Ribbit.
Prince Ribbit is moderately wounded.
Prince Ribbit barely misses you.
Prince Ribbit hits you but does no damage.
Prince Ribbit hits you.
You are too injured to fight recklessly!
You are too injured to fight recklessly!
You are too injured to fight recklessly!
You are too injured to fight recklessly!
You are too injured to fight recklessly!
You are too injured to fight recklessly!
You are too injured to fight recklessly!
You are too injured to fight recklessly!
You are too injured to fight recklessly!
You are too injured to fight recklessly!
You are too injured to fight recklessly!
You are too injured to fight recklessly!
You are too injured to fight recklessly!
Aiming: Iceblast
Press: ? - help, Shift-Dir - straight line, f/p - Prince Ribbit
Aim: Prince Ribbit (moderately wounded)
You feel a surge of power! That beam is likely to hit you.
Continue anyway?
The mass of ice explodes!
The iceblast engulfs Prince Ribbit!!
Prince Ribbit is almost dead.
The iceblast engulfs you!!
You die...

######### .
#........ ..
#........
...##+##........
................
................
................
......F@........
'#######........
#........
#.............#
#.............#
#.............#
#.............#
#.............# {
#.............#..


You could see Prince Ribbit.

Vanquished Creatures
  A black bear (D:5)
  A mummy (Ossuary)
  Robin (D:2)
  A gnoll (D:3)
  3 adders
  A worm (D:2)
  5 dart slugs
  6 orcs
  4 spectral bats (Ossuary)
  6 ball pythons
  3 endoplasms
  5 giant cockroaches
  12 gnoll zombies (Ossuary)
  15 goblins
  15 hobgoblins
  7 jackals
  7 kobolds
  5 quokkas
  3 bats
  2 bat simulacra (Ossuary)
  A frilled lizard (D:1)
  2 goblin simulacra (Ossuary)
  4 goblin zombies (Ossuary)
  4 hobgoblin zombies (Ossuary)
  2 kobold simulacra (Ossuary)
  5 kobold zombies (Ossuary)
  5 orc zombies (Ossuary)
  5 rats
  8 rat simulacra (Ossuary)
  5 spectral goblins (Ossuary)
  4 spectral kobolds (Ossuary)
  2 spectral rats (Ossuary)
150 creatures vanquished.

Notes
Turn   | Place    | Note
-------+----------+-------------------------------------------
     0 | D:1      | senseless the Demonspawn Hunter began the quest for the
                  | Orb.
     0 | D:1      | Reached XP level 1. HP: 16/16 MP: 1/1
   111 | D:1      | Reached skill level 4 in Ranged Weapons
   139 | D:1      | Gained mutation: You have a pair of small antennae on your
                  | head. [demonic ancestry]
   139 | D:1      | Reached XP level 2. HP: 22/22 MP: 2/2
   748 | D:2      | Found an opulent altar of Gozag.
   894 | D:2      | Reached XP level 3. HP: 27/27 MP: 3/3
  1216 | D:2      | Noticed Robin
  1230 | D:2      | Killed Robin
  1244 | D:2      | Gained mutation: Your demonic aura sometimes causes spilled
                  | blood to erupt in flames. [demonic ancestry]
  1244 | D:2      | Reached XP level 4. HP: 25/34 MP: 4/4
  1505 | D:2      | Identified the +4 chain mail of the Furies {rCorr Dex+4}
  1598 | D:2      | Gained mutation: You are clumsy. (Dex -2) [potion of
                  | mutation]
  1598 | D:2      | Gained mutation: Your body sometimes deteriorates upon
                  | taking damage. [potion of mutation]
  1598 | D:2      | Gained mutation: Your flesh is heat resistant. (rF+)
                  | [potion of mutation]
  1599 | D:2      | Lost mutation: Your flesh is heat resistant. (rF+) [potion
                  | of mutation]
  1599 | D:2      | Lost mutation: Your body sometimes deteriorates upon taking
                  | damage. [potion of mutation]
  1599 | D:2      | Lost mutation: You are clumsy. (Dex -2) [potion of
                  | mutation]
  1599 | D:2      | Gained mutation: Armour fits poorly on your strangely
                  | shaped body. [potion of mutation]
  1599 | D:2      | Gained mutation: You have sharp toenails. [potion of
                  | mutation]
  1599 | D:2      | Gained mutation: You expend magic power (3 MP) to
                  | strengthen your wands. [potion of mutation]
  1660 | D:3      | Reached skill level 5 in Ranged Weapons
  2077 | D:3      | Found a faded altar of an unknown god.
  2342 | D:4      | Gained mutation: You are partially covered in yellow
                  | scales. (AC +2) [demonic ancestry]
  2342 | D:4      | Reached XP level 5. HP: 39/39 MP: 5/5
  2768 | D:4      | Identified the +0 dagger of the Yoke {flame, *Corrode rN+
                  | Str+2 Stlth+}
  3054 | D:5      | Entered Level 5 of the Dungeon
  3054 | D:5      | Noticed a black bear
  3060 | D:5      | Killed a black bear
  3061 | D:5      | Reached skill level 6 in Ranged Weapons
  3070 | D:5      | Found a sand-covered staircase.
  3102 | Ossuary  | Entered an ossuary
  3194 | Ossuary  | Gained mutation: You have a pair of antennae on your head.
                  | [demonic ancestry]
  3194 | Ossuary  | Reached XP level 6. HP: 47/47 MP: 6/6
  3368 | Ossuary  | Reached skill level 1 in Armour
  3697 | D:5      | Noticed Prince Ribbit
  3702 | D:5      | Killed themself with a badly aimed iceblast

Illustrated notes

Levels and vault maps discovered:
D:1:      dpeg_arrival_castle, layout_basic, dreamdust_mushroom_princess,
          minivault_26
D:2:      layout_basic, basic_altar, corexii_corridor_pit, uniq_robin
D:3:      minmay_bubble_buster, layout_rooms, mainiacjoe_overflow_brackets,
          shapermc_ecumenical_altar_flowoftime
D:4:      layout_gridville
D:5:      layout_gridville, nicolae_ossuary_entry_plus, uniq_edmund,
          uniq_prince_ribbit1, uniq_pikel, uniq_duvessa

Skill      XL: |  1  2  3  4  5  6 |
---------------+-------------------+-----
Ranged Weapons | 4 5 6 |  6.2
Fighting       | 3 |  3.1
Armour         | 1 |  1.0
Dodging        | |  1.9
Stealth        | |  0.8

Action                     |  1- 3 |  4- 6 || total
---------------------------+-------+-------++-------
   Fire: Shortbow          |    96 |   300 ||   396
    Use: Scroll            |     3 |     8 ||    11
         Potion            |       |     2 ||     2
 Armour: Leather armour    |    17 |       ||    17
         Chain mail        |       |   278 ||   278
  Dodge: Dodged            |    25 |   107 ||   132

Table legend: (Time is in decaauts)
 A = Elapsed time spent in this place.
 B = Non-inter-level travel time spent in this place.
 C = Inter-level travel time spent in this place.
 D = Time resting spent in this place.
 E = Time spent auto-exploring this place.
 F = Levels seen in this place.
 G = Mean time per level.
                   A        B        C        D        E       F      G
               +--------+--------+--------+--------+--------+-----+--------+
         Total |   3986 |   3791 |    195 |     27 |   2766 |   6 |  664.3 |
       Dungeon |   3373 |   3178 |    195 |     27 |   2532 |   5 |  674.6 |
       Ossuary |    612 |    612 |      0 |      0 |    234 |   1 |  612.0 |
               +--------+--------+--------+--------+--------+-----+--------+

Top non-repeatable levels by time:
     D:2: 910 daAuts
     D:3: 770 daAuts
     D:1: 766 daAuts
     D:4: 760 daAuts
 Ossuary: 612 daAuts
     D:5: 166 daAuts
